 Dungeon Crawl Stone Soup version 0.31.0-11-ge490571c62 (webtiles) character file.

Game seed: 1059660335756435776

53653 oldriver the Warrior (level 15, 0/122 HPs)
             Began as a Formicid Alchemist on Feb 3, 2024.
             Was the Champion of Hepliaklqana.
             Slain by a dire elephant (27 damage)
             ... on level 5 of the Lair of Beasts.
             The game lasted 00:31:39 (24652 turns).

oldriver the Warrior (Formicid Alchemist)          Turns: 24652, Time: 00:31:39

Health: 0/122      AC: 14    Str: 14    XL:     15   Next: 10%
Magic:  6/19       EV: 14    Int: 15    God:    Hepliaklqana [******]
Gold:   1222       SH:  6    Dex: 20    Spells: 15/20 levels left

rFire   . . .        e - +4 sling
rCold   . . .        E - +0 buckler
rNeg    . . .        G - +0 steam dragon scales
rPois   .            (helmet unavailable)
rElec   +            Q - +0 cloak
rCorr   .            (no gloves)
SInv    +            D - +2 pair of boots
Will    ++...        j - amulet of Reimbursement {Faith rElec Slay+2}
Stlth   +++++        h - +4 ring of protection
HPRegen 0.40/turn    c - ring of willpower
MPRegen 0.16/turn

%: faith
@: studying Short Blades
A: reduced essence, permanent stasis, dig shafts and tunnels, antennae 3, four
strong arms
a: Dig, Shaft Self, Renounce Religion, Recall Ancestor, Ancestor Identity,
Transference, Idealise


You were on level 5 of the Lair of Beasts.
You worshipped Hepliaklqana.
Hepliaklqana was exalted by your worship.
You visited 2 branches of the dungeon, and saw 15 of its levels.

You collected 1222 gold pieces.

Inventory:

Hand Weapons
 e - a +4 sling (weapon)
 K - a +5 whip of freezing
Armour
 D - a +2 pair of boots (worn)
 E - a +0 buckler (worn)
 G - +0 steam dragon scales (worn)
 Q - a +0 cloak (worn)
Jewellery
 c - a ring of willpower (right hand)
 h - a +4 ring of protection (left hand)
 i - a ring of ice
 j - the amulet of Reimbursement (around neck) {Faith rElec Slay+2}
   (You found it on level 2 of the Dungeon)

   [amulet of faith]

   Faith:     It allows you to gain divine favour quickly.
   Slay+2:    It affects your accuracy & damage with ranged weapons and melee
   (+2).
   rElec:     It insulates you from electricity.
 p - a ring of flight
 q - an amulet of the acrobat
 J - the amulet "Miag" {rPois rC- rN+ Regen+}
   (You found it on level 8 of the Dungeon)

   [amulet of regeneration]

   rC-:       It makes you vulnerable to cold.
   rPois:     It protects you from poison rN+: It protects you from negative
   energy.
   Regen+:    It increases your rate of health regeneration.
 N - a ring of protection from cold
 S - a ring of resist corrosion
Wands
 a - a wand of digging (6)
 k - a wand of flame (65)
 m - a wand of acid (13)
 u - a wand of roots (5)
 x - a wand of polymorph (8)
 H - a wand of paralysis (29)
 I - a wand of mindburst (15)
Scrolls
 f - 6 scrolls of teleportation
 r - 4 scrolls of amnesia
 s - 6 scrolls of fear
 t - 3 scrolls of revelation
 w - a scroll of poison
 y - 2 scrolls of fog
 L - a scroll of immolation
 M - 3 scrolls of brand weapon {unknown}
 O - 2 scrolls of torment
 P - 3 scrolls of identify
 T - a scroll of enchant weapon
Potions
 b - 3 potions of magic
 d - 3 potions of mutation
 g - 3 potions of might
 l - 4 potions of heal wounds
 n - 2 potions of attraction
 o - 4 potions of haste
 v - 3 potions of curing
 z - 3 potions of cancellation
 A - 3 potions of lignification
 B - 3 potions of brilliance
 C - 4 potions of enlightenment
 F - a potion of resistance {unknown}
Miscellaneous
 R - a box of beasts


   Skills:
 + Level 18.1 Fighting
 - Level 14.0 Ranged Weapons
 + Level 3.3 Armour
 + Level 5.0 Dodging
 + Level 10.8 Stealth
 - Level 5.0 Shields
 - Level 3.0 Spellcasting
 - Level 0.8 Conjurations
 - Level 10.0 Alchemy


You had 15 spell levels left.
You knew the following spells:

 Your Spells              Type           Power      Damage    Failure   Level
a - Sting                 Conj/Alch      72%        1d7       2%          1
o - Olgreb's Toxic Radia  Alch           32%        N/A       4%          4

Your spell library contained the following spells:

 Spells                   Type           Power      Damage    Failure   Level
 Mercury Vapours          Alch/Air       34%        N/A       4%          2
 Mephitic Cloud           Conj/Alch/Air  13%        N/A       17%         3
 Magic Dart               Conj           16%        1d3       19%         1
 Foxfire                  Conj/Fire      12%        2x1d4     22%         1
 Sticky Flame             Fire/Alch      17%        2d5       32%         4
 Call Imp                 Summ           4%         N/A       36%         2
 Ensorcelled Hibernation  Hex/Ice        4%         N/A       36%         2
 Dazzling Flash           Conj/Hex       6%         N/A       54%         3
 Passwall                 Erth           2%         N/A       58%         3
 Volatile Blastmotes      Fire/Tloc      4%         2d10      58%         3
 Brom's Barrelling Bould  Conj/Erth      3%         2d3       91%         4
 Anguish                  Hex/Necr       1%         N/A       94%         4
 Cause Fear               Hex            1%         N/A       94%         4
 Fireball                 Conj/Fire      1%         3d3       99%         5
 Iskenderun's Battlesphe  Conj           4%         2d6       99%         5
 Bombard                  Conj/Erth      1%         9d1       100%        6
 Conjure Ball Lightning   Conj/Air       1%         3x3d6     100%        6
 Plasma Beam              Fire/Air       1%         2x1d11    100%        6
 Starburst                Conj/Fire      1%         6d3       100%        6
 Enfeeble                 Hex            1%         N/A       100%        7
 Orb of Destruction       Conj           2%         9d5       100%        7
 Spellforged Servitor     Conj/Summ      1%         N/A       100%        7
 Maxwell's Capacitive Co  Air            1%         ∞         100%        8
 Blink                    Tloc           Unusable   N/A       N/A         2
 Swiftness                Air            Unusable   N/A       N/A         3

Dungeon Overview and Level Annotations

Branches:
Dungeon (10/15)            Temple (0/1) D:7            Lair (5/5) D:9
  Swamp (0/4) Lair:2       Spider (0/4) Lair:3        Slime (0/5) Lair:5
    Orc (0/2) D:9

Altars:
Ashenzari
Cheibriados
Fedhas
Gozag
Hepliaklqana
Vehumet

Shops:
D:3 [   D:7 !

Annotations:
D:5 1 runed translucent door, Crazy Yiuf


Innate Abilities, Weirdness & Mutations

Your life essence is reduced to manifest your ancestor. (-10% HP)
You cannot be hasted, slowed, berserked, paralysed or teleported.
You can dig through walls and to a lower floor.
You have a pair of large antennae on your head. (SInv)
Your four strong arms can wield two-handed weapons with a shield.


Message History

The dire elephant looks as sick as possible!
You block the cane toad's attack. The dire elephant tramples you!!
You stumble backwards!
Unknown command.
You shoot a sling bullet.
The sling bullet hits the dire elephant.
The dire elephant is severely wounded.
The dire elephant looks as sick as possible!
You shoot a sling bullet.
The sling bullet hits the dire elephant.
The dire elephant is almost dead.
Your toxic aura wanes.
The dire elephant tramples you!!
You stumble backwards!
The cane toad stings Nindada!!
You are too injured to fight recklessly!
Unknown command.
You are too injured to fight recklessly!
Fire: e) +4 sling
Press: ? - help, Shift-Dir - straight line, f/p - dire elephant
Aim: a dire elephant (almost dead, extremely poisoned, ally target, 93% to hit)
You shoot a sling bullet.
The sling bullet hits the dire elephant but does no damage.
The dire elephant is almost dead.
The dire elephant tramples you!!
* * * LOW HITPOINT WARNING * * *
You hold your ground!
The dire elephant misses you.
Nindada hits the dire elephant but does no damage.
Nindada hits the cane toad with a +0 broad axe of flaming!
Nindada burns the cane toad.
Nindada hits the fungus with a +0 broad axe of flaming.
The fungus begins to die.
Nindada burns the fungus.
The cane toad stings Nindada!
Fire: e) +4 sling
Press: ? - help, Shift-Dir - straight line, f/p - dire elephant
Aim: a dire elephant (almost dead, extremely poisoned, ally target, 93% to hit)
You shoot a sling bullet.
The sling bullet hits the dire elephant but does no damage.
The dire elephant is almost dead.
The dire elephant tramples you!!
You die...

####...#......P..P##
................P...######
#.................#....#.########
#..##^##.#.##....#####.##..#....#
##.{#########..######...##)##....
# ###### #......##.##....
#####.P.#####......#.#..#.. #
##..P....FP#.###...#..#.##.. ###
#........RY@#####..#.P..##.. ..#
##...÷#####.....##.#......... ..#
#.........#.....####P..P.....
..###P....#...##....## #.....#...
###.###.......#...#..# ####P.##..
.#....R..########...## #...##..
.#...#.....##.....#..# #...###.
...........##........######P.###.
.#####....###......#....# ##..#..


You could see the friendly Nindada the knight, a dire elephant (extremely
poisoned, ally target) and a cane toad.

Vanquished Creatures
  A hydra (Lair:4)
  A two-headed ogre (D:8)
  9 death yaks
  A hell hog (Lair:5)
  A lindwurm (Lair:5)
  A necromancer (Lair:2)
  A manticore (Lair:5)
  A wolf spider (Lair:5)
  An oklob plant (Lair:3)
  9 elephants
  Joseph (D:8)
  4 torpor snails
  3 black mambas
  6 komodo dragons
  3 cane toads
  3 rime drakes
  9 polar bears
  4 hornets
  Grinder (D:5)
  A raiju (Lair:5)
  Prince Ribbit (D:8)
  11 blink frogs
  2 jumping spiders (Lair:3)
  11 dream sheep
  2 culicivoras (Lair:3)
  4 basilisks
  4 wyverns
  27 yaks
  2 wargs (Lair:5)
  4 redbacks (Lair:3)
  An unseen horror simulacrum (D:10)
  2 steam dragons (D:8)
  8 water moccasins
  14 hell hounds (Lair:5)
  8 black bears
  5 orc warriors
  3 ice beasts
  2 crocodiles (D:8)
  20 wolves
  4 ogres
  A phantom (D:4)
  A gnoll sergeant (D:9)
  5 bullfrogs
  2 scorpions
  3 wights (D:9)
  8 killer bees (D:9)
  5 electric eels
  7 orc priests
  A hound (D:6)
  A jelly (D:8)
  2 gnoll boudas
  A sleepcap (D:4)
  6 iguanas
  13 orc wizards
  3 yak simulacra (Lair:2)
  A polar bear simulacrum (Lair:2)
  A wolf simulacrum (Lair:2)
  15 gnolls
  A river rat (Lair:2)
  2 adders
  2 shadow imps (D:6)
  5 white imps
  2 ufetubi (D:7)
  5 dart slugs
  4 ribbon worms
  22 orcs
  4 endoplasms
  6 giant cockroaches
  6 goblins
  8 hobgoblins
  6 quokkas
  9 ball pythons
  5 bats
  5 frilled lizards
  10 kobolds
  3 rats (D:1)
  A river rat simulacrum (Lair:2)
378 creatures vanquished.

Vanquished Creatures (collateral kills)
  2 death yaks
  2 spriggan druids (Lair:2)
  A lindwurm (Lair:5)
  A wolf spider (Lair:5)
  An elephant (Lair:4)
  5 cane toads
  3 komodo dragons
  3 polar bears (Lair:5)
  2 blink frogs
  3 dream sheep
  11 yaks
  2 wyverns
  2 steam dragons
  2 basilisks
  2 wargs (Lair:5)
  An acid dragon (D:8)
  11 water moccasins
  2 hell hounds (Lair:5)
  An ice beast (D:10)
  6 black bears (Lair:5)
  2 centaurs
  8 wolves
  5 bullfrogs
  5 wights
  A killer bee (D:9)
  An electric eel (D:10)
  3 jellies
  An orc priest (D:8)
  A hound (D:7)
  A gnoll bouda (D:9)
  A sleepcap (D:8)
  An orc wizard (D:9)
  2 polar bear simulacra (Lair:2)
  3 wolf simulacra (Lair:2)
  5 gnolls
  A river rat (Lair:2)
  A white imp (D:6)
  5 orcs
110 creatures vanquished.

Vanquished Creatures (others)
  A kobold brigand (D:8)
  An orc priest (D:8)
  14 knights
  An ancestor (D:5)
  4 orcs (D:8)
  4 kobolds (D:8)
25 creatures vanquished.

Grand Total: 513 creatures vanquished

Notes
Turn   | Place    | Note
-------+----------+-------------------------------------------
     0 | D:1      | oldriver the Formicid Alchemist began the quest for the
                  | Orb.
     0 | D:1      | Reached XP level 1. HP: 13/13 MP: 3/3
   249 | D:1      | Reached XP level 2. HP: 19/19 MP: 1/5
   588 | D:1      | Reached XP level 3. HP: 25/25 MP: 4/6
   680 | D:1      | Reached skill level 1 in Fighting
  1556 | D:2      | Identified the amulet of Reimbursement {Faith rElec Slay+2}
  1569 | D:2      | Reached XP level 4. HP: 27/32 MP: 2/8
  1738 | D:2      | Reached skill level 5 in Alchemy
  2321 | D:3      | Found Gubrumm's Antique Armour Boutique.
  2339 | D:3      | Learned a level 4 spell: Olgreb's Toxic Radiance
  2765 | D:3      | Reached XP level 5. HP: 14/38 MP: 3/9
  2984 | D:4      | Reached skill level 2 in Fighting
  3219 | D:4      | Found a hazy altar of Hepliaklqana.
  3232 | D:4      | Reached skill level 1 in Ranged Weapons
  3232 | D:4      | Became a worshipper of Hepliaklqana the Forgotten
  3368 | D:4      | Noticed a phantom
  3393 | D:4      | Killed a phantom
  3394 | D:4      | Reached XP level 6. HP: 22/46 MP: 3/10
  3917 | D:5      | Entered Level 5 of the Dungeon
  3957 | D:5      | Noticed an ogre
  4019 | D:5      | Noticed a water moccasin
  4040 | D:5      | HP: 1/46 [water moccasin (7)]
  4041 | D:5      | Killed a water moccasin
  4042 | D:5      | Reached XP level 7. HP: 8/51 MP: 0/11
  4294 | D:5      | Reached skill level 3 in Fighting
  4440 | D:5      | Found a runed translucent door.
  4441 | D:5      | Noticed Crazy Yiuf
  4668 | D:5      | Reached * piety under Hepliaklqana
  4727 | D:5      | Reached skill level 5 in Stealth
  4978 | D:6      | Noticed Grinder
  4994 | D:5      | Killed Grinder
  4995 | D:5      | Reached XP level 8. HP: 53/54 MP: 0/12
  5122 | D:6      | Reached skill level 4 in Fighting
  6145 | D:7      | Reached ** piety under Hepliaklqana
  6146 | D:7      | Remembered your ancestor Nindada as a knight
  6155 | D:7      | Found a radiant altar of Vehumet.
  6271 | D:7      | Found a staircase to the Ecumenical Temple.
  6397 | D:7      | Reached skill level 5 in Fighting
  6484 | D:7      | Reached XP level 9. HP: 61/61 MP: 9/13
  6652 | D:7      | Reached skill level 10 in Alchemy
  6675 | D:7      | Found Isuanis's Distillery.
  6754 | D:7      | Reached skill level 5 in Ranged Weapons
  7222 | D:7      | Reached skill level 6 in Fighting
  7782 | D:8      | Reached skill level 1 in Shields
  8005 | D:8      | Noticed Prince Ribbit
  8016 | D:8      | Killed Prince Ribbit
  8017 | D:8      | Reached XP level 10. HP: 56/69 MP: 2/14
  8248 | D:8      | Reached skill level 7 in Fighting
  8408 | D:8      | Noticed a two-headed ogre
  8586 | D:8      | Killed a two-headed ogre
  8587 | D:8      | Reached skill level 5 in Shields
  8733 | D:8      | Reached *** piety under Hepliaklqana
  8893 | D:8      | Noticed Joseph
  8917 | D:8      | Killed Joseph
  9290 | D:8      | Reached skill level 8 in Fighting
  9395 | D:8      | Identified the amulet "Miag" {rPois rC- rN+ Regen+}
  9794 | D:9      | Reached XP level 11. HP: 77/77 MP: 10/15
 10008 | D:9      | Found a staircase to the Orcish Mines.
 10060 | D:9      | Reached skill level 10 in Ranged Weapons
 10226 | D:9      | Found an opulent altar of Gozag.
 10284 | D:9      | Noticed a death yak
 10978 | D:9      | Noticed an elephant
 11114 | D:9      | Found a staircase to the Lair.
 11135 | D:9      | Killed an elephant
 11136 | D:9      | Reached skill level 9 in Fighting
 11253 | D:9      | Killed a death yak
 11399 | D:9      | Found a broken altar of Ashenzari.
 11583 | D:9      | Reached **** piety under Hepliaklqana
 11736 | D:10     | Entered Level 10 of the Dungeon
 11853 | D:10     | Found a snail-covered altar of Cheibriados.
 12856 | D:10     | Reached skill level 10 in Fighting
 13073 | D:10     | Noticed a death yak
 13099 | D:10     | Killed a death yak
 13100 | D:10     | Reached XP level 12. HP: 47/88 MP: 0/16
 13707 | D:10     | Found a blossoming altar of Fedhas.
 13862 | Lair:1   | Entered Level 1 of the Lair of Beasts
 14281 | Lair:1   | Noticed a death yak
 14299 | Lair:1   | Killed a death yak
 14371 | Lair:1   | Noticed a death yak
 14372 | Lair:1   | Noticed a death yak
 14403 | Lair:1   | Killed a death yak
 14525 | Lair:1   | Reached skill level 11 in Fighting
 14695 | Lair:1   | Killed a death yak
 14964 | Lair:1   | Found a snail-covered altar of Cheibriados.
 15123 | Lair:1   | Reached ***** piety under Hepliaklqana
 15458 | Lair:2   | Reached XP level 13. HP: 92/95 MP: 5/17
 15955 | Lair:2   | Reached skill level 12 in Fighting
 15988 | Lair:2   | Reached skill level 10 in Stealth
 16803 | Lair:2   | Reached skill level 13 in Fighting
 17033 | Lair:2   | Found a staircase to the Swamp.
 18049 | Lair:3   | Reached skill level 14 in Fighting
 18614 | Lair:3   | Found a hole to the Spider Nest.
 19312 | Lair:4   | Noticed an eight-headed hydra
 19411 | Lair:3   | Reached skill level 15 in Fighting
 19498 | Lair:3   | Reached XP level 14. HP: 78/110 MP: 10/18
 20215 | Lair:4   | Reached skill level 16 in Fighting
 20859 | Lair:5   | Entered Level 5 of the Lair of Beasts
 21134 | Lair:5   | Reached ****** piety under Hepliaklqana
 21595 | Lair:5   | Reached skill level 17 in Fighting
 22756 | Lair:5   | Reached skill level 1 in Armour
 23713 | Lair:5   | Found a staircase to the Slime Pits.
 23819 | Lair:5   | Reached skill level 18 in Fighting
 24224 | Lair:5   | Reached XP level 15. HP: 75/122 MP: 12/19
 24518 | Lair:5   | Reached skill level 5 in Dodging
 24652 | Lair:5   | Slain by a dire elephant

Illustrated notes

Levels and vault maps discovered:
D:1:      roadster_arrival_rocket_large, layout_basic, minmay_hedge_maze
D:2:      layout_rooms
D:3:      layout_rooms, serial_shops, shop, nicolae_figureground_sparkle
D:4:      layout_cave_pods, nicolae_overflow_crystal_walls
D:5:      layout_loops_ring, eino_small_chamber_without_monster,
          uniq_crazy_yiuf_cottage
D:6:      layout_rooms, uniq_grinder
D:7:      layout_layer_cave, nicolae_vehumet_altar_sigil,
          minmay_temple_entry_statues_pillars, serial_shops, shop
D:8:      regret_index_malice_mire, layout_rooms, lemuel_flamethrower_1,
          uniq_joseph, uniq_prince_ribbit1
D:9:      layout_long_grid, mainiacjoe_overflow_swirl, david_lair_generic,
          david_orc_4, nicolae_hexahallways, hex_medium
D:10:     layout_basic, slow_altar_2, marbit_many_paths, serial_ice,
          serial_ice_g, serial_ice_n, serial_ice_c, serial_ice_o
Lair:1:   layout_loops_ring, kennysheep_snail_temple
Lair:2:   layout_loops_ring, mainiacjoe_swamp_entry_angry_trees,
          eino_house_with_fridge, grunt_megastairs_2, infiniplex_staircase_pool,
          serial_bayou_shore_b
Lair:3:   layout_roguey, nicolae_spider_entry_tight_spaces, dpeg_oklob_1
Lair:4:   layout_misc_corridors, grunt_megastairs_5
Lair:5:   hangedman_lair_in_review, layout_loops_ring,
          hangedman_lair_caniforms_friends, slime_entry_1

Skill      XL: |  1  2  3  4  5  6  7  8  9 10 11 12 13 14 15 |
---------------+----------------------------------------------+-----
Fighting       | 1 2 3 5 6 8 10 11 15 18 | 18.1
Stealth        | 3 4 5 6 7 8 10 | 10.8
Alchemy        | 5 6 8 9 10 | 10.0
Spellcasting   | 3 |  3.0
Ranged Weapons | 1 2 3 4 7 9 12 13 14 | 14.0
Dodging        | 2 4 5 |  5.0
Shields        | 3 5 |  5.0
Armour         | 2 3 |  3.3
Conjurations   | |  0.8

Action                     |  1- 3 |  4- 6 |  7- 9 | 10-12 | 13-15 || total
---------------------------+-------+-------+-------+-------+-------++-------
  Melee: Unarmed           |     2 |       |       |       |       ||     2
         Short sword       |    10 |     3 |       |       |       ||    13
   Fire: Sling             |       |    73 |   146 |   468 |   750 ||  1437
   Cast: Sting             |    74 |    81 |    21 |     6 |     3 ||   185
         Olgreb's Toxic Ra |       |       |    27 |   113 |   145 ||   285
 Invoke: Ancestor Life: Kn |       |       |     1 |       |       ||     1
         Recall Ancestor   |       |       |     1 |     2 |     3 ||     6
  Evoke: Wand              |       |       |       |       |     1 ||     1
    Use: Scroll            |       |    13 |     6 |     4 |     4 ||    27
         Potion            |       |     2 |       |       |     1 ||     3
 Armour: Robe              |    14 |    56 |    18 |       |       ||    88
         Steam dragon scal |       |       |     2 |    70 |   190 ||   262
  Dodge: Dodged            |    23 |    49 |    15 |    56 |   114 ||   257
  Block: Buckler           |       |       |       |    27 |    61 ||    88
